 Dungeon Crawl Stone Soup version 0.24-a0-170-gd8427f5 (webtiles) character file.

Game seed: 3038886397866409219

204 Borgoz the Cudgeler (level 5, -4/32 HPs)
             Began as a Gargoyle Gladiator on Mar 8, 2019.
             Killed by divine providence
             ... invoked by an orc priest
              (10 damage)
             ... on level 3 of the Dungeon.
             The game lasted 00:04:06 (2027 turns).

Borgoz the Cudgeler (Gargoyle Gladiator)            Turns: 2027, Time: 00:04:07

Health: -4/32      AC: 11    Str: 17    XL:     5   Next: 82%
Magic:  0/5        EV: 10    Int: 10    God:
Gold:   131        SH:  0    Dex: 11    Spells: 4/4 levels left

rFire    . . .     SeeInvis .   a - +0 flail
rCold    . . .     Gourm    .   (no shield)
rNeg     + . .     Faith    .   j - +0 scale mail
rPois    ∞         Spirit   +   c - +0 helmet
rElec    +         Reflect  .   (no cloak)
rCorr    .         Harm     .   (no gloves)
MR       .....                  (no boots)
Stlth    ..........             w - amulet of guardian spirit
HPRegen  0.10/turn              (no ring)
MPRegen  0.09/turn              (no ring)

@: flying
A: negative energy resistance 1, electricity resistance, unbreathing,
petrification resistance, rot immunity, AC +4
a: no special abilities


You were on level 3 of the Dungeon.
You were not hungry.

You visited 1 branch of the dungeon, and saw 3 of its levels.

You collected 131 gold pieces.

Inventory:

Hand Weapons
 a - a +0 flail (weapon)
Missiles
 d - 3 throwing nets (quivered)
 v - 7 needles of sleeping
Armour
 c - a +0 helmet (worn)
 j - a +0 scale mail (worn)
 r - a +2 chain mail of positive energy
Jewellery
 w - an amulet of guardian spirit (around neck)
Wands
 y - a wand of flame (20)
Scrolls
 g - a scroll of fear {unknown}
 l - 2 scrolls of immolation {unknown}
 m - 3 scrolls of random uselessness {unknown}
 n - a scroll of fog {unknown}
 t - a scroll of remove curse {unknown}
 x - a scroll of enchant weapon {unknown}
 z - a scroll of magic mapping {unknown}
Potions
 e - a potion of mutation
 k - 2 potions of lignification
 o - 2 potions of curing
 s - a potion of brilliance
Comestibles
 f - 10 rations
 p - 2 chunks of flesh


   Skills:
 + Level 3.0 Fighting
 + Level 5.1 Maces & Flails
 - Level 1.7 Throwing
 + Level 1.0 Armour
 + Level 3.3 Dodging


You had 4 spell levels left.
You didn't know any spells.
Your spell library was empty.

Dungeon Overview and Level Annotations

Branches:
Dungeon (3/15)

Altars:
Sif Muna
Trog
The Shining One

Annotations:
D:3 1 transporter


Innate Abilities, Weirdness & Mutations

You are resistant to torment.
Your stone body is resilient. (AC +4)
You are immune to poison.
You resist negative energy. (rN+)
You are resistant to electric shocks. (rElec)
You can survive without breathing.
You are immune to petrification.
You are immune to rotting.


Message History

You sock the orc priest!
The orc priest is heavily wounded.
The shadow imp barely misses you.
The orc priest hits you but does no damage.
The shadow imp gestures at you. Pain shoots through your body!
* * * LOW HITPOINT WARNING * * *
You barely miss the orc priest.
The orc priest is heavily wounded.
The shadow imp barely misses you.
The orc priest mumbles some strange prayers to Beogh against you.
You barely resist.
You hit the orc priest but do no damage.
The orc priest is heavily wounded.
The shadow imp barely misses you. The shadow imp gestures at you.
You barely resist.
The orc priest calls down the wrath of Beogh upon you.
Beogh smites you!
You die...

#..#8P$©$P8#.# #...÷.#....
########..#≈..%..≈#.# #..##.#.#.#
..........####+####.# #..##......
.....####.#.≈...≈.#.# #..##.#.##.
.....# #.#.≈...≈.#.# #..##.#.##.
.....####.#.≈≈≈P≈.#.###..........
.......##.#.≈≈⌠≈≈.#.......<......
.....#.##.#.≈≈P≈≈o#..............
.....#.##.#5≈...@5#.#..........>.
.......#..#5≈...≈)#...####....#<.
..........####'####.##.#...####..
.#...###..#P..![.P#.##...######..
..........#8P.©.P8#.#.....)...##.
.......#..#########.....##)...##.
..............©.....######....##.
###....##...#....#########....##.
............................>.##.


You could see an orc priest and 3 shadow imps.

Vanquished Creatures
  2 orc priests (D:3)
  Terence (D:3)
  3 adders
  An ooze (D:2)
  5 worms
  A dart slug (D:1)
  A leopard gecko (D:1)
  3 orcs (D:3)
  4 giant cockroaches
  10 goblins
  10 hobgoblins
  7 bats
  3 frilled lizards (D:2)
  9 kobolds
  9 rats
69 creatures vanquished.

Notes
Turn   | Place    | Note
-------+----------+-------------------------------------------
     0 | D:1      | Borgoz the Gargoyle Gladiator began the quest for the Orb.
     0 | D:1      | Reached XP level 1. HP: 12/12 MP: 1/1
   203 | D:1      | Reached XP level 2. HP: 17/17 MP: 2/2
   853 | D:2      | Reached XP level 3. HP: 20/22 MP: 3/3
   934 | D:2      | Reached skill level 4 in Maces & Flails
  1069 | D:2      | Reached XP level 4. HP: 26/27 MP: 4/4
  1107 | D:2      | Found a bloodstained altar of Trog.
  1108 | D:2      | Found a deep blue altar of Sif Muna.
  1182 | D:2      | Found a glowing golden altar of the Shining One.
  1396 | D:3      | Noticed Terence
  1420 | D:3      | Killed Terence
  1491 | D:3      | Found a transporter.
  1496 | D:3      | Reached XP level 5. HP: 28/31 MP: 5/5
  1774 | D:3      | Found a transporter.
  2017 | D:3      | HP: 1/32 [orc priest/divine providence (12)]
  2019 | D:3      | Reached skill level 5 in Maces & Flails
  2019 | D:3      | Reached skill level 1 in Armour
  2027 | D:3      | Killed from afar by an orc priest

Levels and vault maps discovered:
D:1:      lightli_molten_gateway, layout_loops_cross
D:2:      minmay_chambers_of_ones, layout_rooms, lemuel_crystal_altar,
          gammafunk_temple_overflow_pools
D:3:      gammafunk_wand_slinger, layout_rooms, first_ration,
          minmay_diced_spiral, uniq_terence

Skill      XL: |  1  2  3  4  5 |
---------------+----------------+-----
Maces & Flails | 4 5 |  5.1
Dodging        | 3 |  3.3
Fighting       | 3 |  3.0
Armour         | 1 |  1.0
Throwing       | |  1.7

Action                   |  1- 3 |  4- 6 || total
-------------------------+-------+-------++-------
Melee: Flail             |   136 |   114 ||   250
  Use: Scroll            |       |     7 ||     7
       Potion            |       |     4 ||     4
  Eat: Chunk             |     1 |     3 ||     4
Armor: Leather armour    |    16 |       ||    16
       Scale mail        |    69 |    61 ||   130
Dodge: Dodged            |    89 |    91 ||   180

Table legend:
 A = Non-vault XP
 B = Vault XP
 C = Vault XP percentage of total XP
 D = Non-vault monster count
 E = Vault monster count
 F = Vault count percentage of total count
                 A         B        C        D         E       F
            +---------+---------+-------+---------+---------+-------
      Total |     194 |      98 |  33.6 |      59 |      10 |  14.5
            +---------+---------+-------+---------+---------+-------
        D:1 |      28 |       0 |   0.0 |      16 |       0 |   0.0
        D:2 |      65 |      11 |  14.5 |      23 |       5 |  17.9
        D:3 |     101 |      87 |  46.3 |      20 |       5 |  20.0
            +---------+---------+-------+---------+---------+-------
